 Dungeon Crawl Stone Soup version 0.30-a0-223-gcb0039aa0c (webtiles) character file.

Game seed: 6651776648698088581

206 ryw the Trooper (level 5, -2/47 HPs)
             Began as a Demonspawn Monk on Oct 9, 2022.
             Killed by nerve-wracking pain
             ... invoked by Menkaure
              (7 damage)
             ... on level 3 of the Dungeon.
             The game lasted 00:06:09 (3271 turns).

ryw the Trooper (Demonspawn Monk)                   Turns: 3271, Time: 00:06:09

Health: -2/47      AC:  5    Str: 13    XL:     5   Next: 53%
Magic:  5/5        EV: 12    Int: 12    God:
Gold:   272        SH:  0    Dex: 15    Spells: 4/4 levels left

rFire   . . .      SeeInvis .      - Unarmed
rCold   . . .      Faith    .    (no shield)
rNeg    . . .      Spirit   .    a - +0 robe
rPois   .          Reflect  .    l - +0 helmet
rElec   .          Harm     .    (no cloak)
rCorr   .          Rampage  .    (no gloves)
Will    .....                    (no boots)
Stlth   ++........               (no amulet)
HPRegen 0.27/turn                (no ring)
MPRegen 0.09/turn                (no ring)

@: no status effects
A: molten scales 1, demonic guardian 1
a: no special abilities


You were on level 3 of the Dungeon.
You visited 1 branch of the dungeon, and saw 4 of its levels.

You collected 272 gold pieces.

Inventory:

Missiles
 d - 2 poisoned darts (quivered)
Armour
 a - a +0 robe (worn)
 l - a +0 helmet (worn)
Wands
 k - a wand of polymorph (9)
Scrolls
 c - a scroll of immolation
 e - a scroll of fear
 f - a scroll of identify {unknown}
 g - a scroll of poison {unknown}
 m - a scroll of magic mapping
Potions
 b - a potion of ambrosia
 h - a potion of haste {unknown}
 i - a potion of flight {unknown}
 j - a potion of heal wounds {unknown}
 n - a potion of lignification {unknown}


   Skills:
 + Level 6.3 Fighting
 - Level 2.6 Dodging
 - Level 1.7 Stealth
 - Level 2.6 Unarmed Combat


You had 4 spell levels left.
You didn't know any spells.
Your spell library contained the following spells:

 Spells                   Type           Power      Damage    Failure   Level
 Foxfire                  Conj/Fire      0%         2x1d4     32%         1
 Fireball                 Conj/Fire      0%         3d3       100%        5
 Starburst                Conj/Fire      0%         6d3       100%        6


Dungeon Overview and Level Annotations

Branches:
Dungeon (4/15)
 Temple: D:4-7

Altars:
Okawaru

Annotations:
D:3 Menkaure
D:4 Blork the orc


Innate Abilities, Weirdness & Mutations

You are partially covered in molten scales. (AC +2)
A weak demonic guardian rushes to your aid.


Message History

Menkaure is lightly damaged.
Menkaure barely misses you.
You hit Menkaure.
Menkaure is moderately damaged.
Menkaure barely misses you. Menkaure hits you!
You hit Menkaure.
Menkaure is heavily damaged.
Menkaure calls on the powers of darkness!
Your body is wracked with pain!
Menkaure points at you and mumbles some strange words.
You barely resist.
Menkaure points at you and mumbles some strange words.
Pain shoots through your body!
* * * LOW HITPOINT WARNING * * *
A demonic guardian appears!
What are your orders? t - Shout!
Orders for allies: a - Attack new target. r - Retreat! s - Stop attacking. g - Guard the area. f - Follow me.
Anything else - Cancel.
Gang up on whom?
Press: ? - help, Dir - move target, f - Menkaure
Aim: Menkaure (heavily damaged, fast, ally target) Attack!
Your quasit bites Menkaure.
Your quasit barely misses Menkaure.
Your quasit completely misses Menkaure.
Menkaure calls on the powers of darkness!
Your body is wracked with pain!
* * * LOW HITPOINT WARNING * * *
Your quasit bites Menkaure.
Your quasit barely misses Menkaure.
Your quasit claws Menkaure but does no damage.
Menkaure hits your quasit!
Your quasit dies!
Your quasit disappears in a puff of smoke!
Menkaure calls on the powers of darkness!
Your body is wracked with pain!
* * * LOW HITPOINT WARNING * * *
Menkaure casts a spell at you. Pain shoots through your body!
You die...

.....#.#.##..##.##...M...>.......
..##.#.#.....##.##.##############
..##.#.####<###)##.# #
#.##.#.####.##)[.#.# #
..##.............M.# #
#.####.####.##...### ###
#.####...##.##...###### #..
......................# #.#
####.#####.#.#..@####.# #.# #
#.##......##.#####.# #.# #
#.##.##.#..........# #.#
#####.#.#.##.##.#####.# #.#
#.<......###.##.# #.# #..
...####.## #....# #.# ##.
...####.# #..### #.# #. .....##.#
#..# #.## #. .....##.# #..# #..#
#.


You could see Menkaure (fast).

Vanquished Creatures
  A scorpion (D:3)
  An iguana (D:2)
  A gnoll (D:1)
  2 adders
  A worm (D:3)
  2 dart slugs
  5 orcs
  4 bats
  7 endoplasms
  A giant cockroach (D:1)
  9 goblins
  3 hobgoblins
  6 jackals
  6 kobolds
  4 quokkas
  10 ball pythons
  4 frilled lizards
  2 rats (D:1)
69 creatures vanquished.

Vanquished Creatures (collateral kills)
  A worm (D:4)
1 creature vanquished.

Grand Total: 70 creatures vanquished

Notes
Turn   | Place    | Note
-------+----------+-------------------------------------------
     0 | D:1      | ryw the Demonspawn Monk began the quest for the Orb.
     0 | D:1      | Reached XP level 1. HP: 18/18 MP: 1/1
   146 | D:1      | Gained mutation: You are partially covered in molten
                  | scales. (AC +2) [demonic ancestry]
   146 | D:1      | Reached XP level 2. HP: 21/24 MP: 2/2
   503 | D:1      | Reached skill level 4 in Fighting
   561 | D:1      | Gained mutation: A weak demonic guardian rushes to your
                  | aid. [demonic ancestry]
   561 | D:1      | Reached XP level 3. HP: 26/30 MP: 3/3
  1224 | D:2      | Reached XP level 4. HP: 16/38 MP: 4/4
  1326 | D:2      | Found a faded altar of an unknown god.
  1369 | D:2      | Reached skill level 5 in Fighting
  2710 | D:3      | Noticed a scorpion
  2718 | D:3      | Killed a scorpion
  2719 | D:3      | Reached skill level 6 in Fighting
  2719 | D:3      | Reached XP level 5. HP: 36/46 MP: 5/5
  3137 | D:4      | Found an iron altar of Okawaru.
  3178 | D:4      | Noticed Blork the orc
  3248 | D:4      | Noticed Menkaure
  3271 | D:3      | Killed from afar by Menkaure

Illustrated notes

Levels and vault maps discovered:
D:1:      scummos_arrival_simple_crosswalls, layout_loops_ring,
          nrook_mini_backslash, kennysheep_decorative_pillar,
          minmay_pentomino_r2
D:2:      layout_basic, ebering_ecumenical_altar_rust, amcnicky_mini_pool_small
D:3:      layout_loops_ring, old_standard_altar
D:4:      minmay_skewed_foursquare, layout_rooms, kennysheep_mini_moat,
          ebering_ghost_inner_flame, serial_bayou_crossing,
          uniq_crazy_yiuf_cottage, uniq_duvessa, uniq_menkaure,
          uniq_blork_the_orc

Skill      XL: |  1  2  3  4 |
---------------+-------------+-----
Fighting       | 4 6 |  6.3
Dodging        | |  2.6
Stealth        | |  1.7
Unarmed Combat | |  2.6

Action                   |  1- 3 |  4- 6 || total
-------------------------+-------+-------++-------
Melee: Unarmed           |   132 |   183 ||   315
       Punch             |     2 |     3 ||     5
Throw: Dart              |     5 |     2 ||     7
  Use: Scroll            |       |     4 ||     4
 Stab: Sleeping          |     4 |     2 ||     6
Armor: Robe              |    27 |    39 ||    66
Dodge: Dodged            |    75 |    97 ||   172

Table legend: (Time is in decaauts)
 A = Elapsed time spent in this place.
 B = Non-inter-level travel time spent in this place.
 C = Inter-level travel time spent in this place.
 D = Time resting spent in this place.
 E = Time spent auto-exploring this place.
 F = Levels seen in this place.
 G = Mean time per level.
                   A        B        C        D        E       F      G
               +--------+--------+--------+--------+--------+-----+--------+
         Total |   3258 |   3102 |    156 |    306 |   2113 |   4 |  814.5 |
       Dungeon |   3258 |   3102 |    156 |    306 |   2113 |   4 |  814.5 |
               +--------+--------+--------+--------+--------+-----+--------+

Top non-repeatable levels by time:
     D:2: 1107 daAuts
     D:1: 1064 daAuts
     D:3: 870 daAuts
     D:4: 215 daAuts
